 Dungeon Crawl Stone Soup version 0.19-b1-5-gdc9fa9d (webtiles) character file.

468 Juniper the Slasher (level 7, 0/54 HPs)
             Began as a Human Berserker on Oct 31, 2016.
             Was a Priest of Trog.
             Slain by an orc warrior
             ... wielding a +0 glaive
              (5 damage)
             ... on level 4 of the Dungeon.
             The game lasted 00:34:00 (3110 turns).

Juniper the Slasher (Human Berserker)               Turns: 3110, Time: 00:34:01

Health: 0/54       AC: 11    Str: 19    XL:     7   Next: 30%
Magic:  7/7        EV: 15    Int:  7    God:    Trog [***...]
Gold:   112        SH:  0    Dex: 13    Spells: 0 memorised, 6 levels left

rFire  . . .     SeeInvis .     m - +3 short sword (freeze)
rCold  . . .     Gourm    .     l - +0 scale mail (curse)
rNeg   . . .     Faith    +     (no shield)
rPois  .         Spirit   .     (no helmet)
rElec  .         Reflect  .     o - +0 cloak
rCorr  .         Harm     .     (no gloves)
MR     .....                    a - +2 pair of boots
Stlth  ..........               k - amulet of faith
                                (no ring)
                                g - +4 ring of evasion

@: exhausted, slowed, very slow
A: no striking features
a: Berserk, Trog's Hand, Burn Spellbooks, Renounce Religion


You were on level 4 of the Dungeon.
You worshipped Trog.
Trog was most pleased with you.
You were not hungry.

You visited 1 branch of the dungeon, and saw 4 of its levels.

You collected 112 gold pieces.

Inventory:

Hand Weapons
 m - a +3 short sword of freezing (weapon)
 r - a +0 scythe
 t - a +1 dagger of venom
Missiles
 f - 57 arrows
 j - 17 poisoned needles
Armour
 a - a +2 pair of boots (worn)
 l - a cursed +0 scale mail (worn)
 o - a +0 cloak (worn)
Jewellery
 g - a +4 ring of evasion (left hand)
 k - an amulet of faith (around neck)
 s - an uncursed ring of ice {unknown}
Scrolls
 p - a scroll of magic mapping {unknown}
 u - a scroll of recharging {unknown}
 v - a scroll of blinking
Potions
 e - 3 potions of curing
 i - 2 potions of might {unknown}
 n - a potion of degeneration {unknown}
 q - a potion of lignification {unknown}
Comestibles
 c - a slice of pizza
 d - a chunk of flesh


   Skills:
 + Level 4.3 Fighting
 + Level 1.8(3.9) Short Blades
   Level 5.5(5.6) Long Blades
   Level 0.8 Maces & Flails
 + Level 3.3 Armour
 + Level 3.1 Dodging


You had 6 spell levels left.
You didn't know any spells.

Dungeon Overview and Level Annotations

Branches:
Dungeon (4/15)
 Temple: D:4-7

Altars:
Gozag
Xom


Message History

The orc warrior hits you with a glaive!
You closely miss the orc warrior.
The orc warrior is lightly wounded.
The orc wizard barely misses you.
You bump into the rock wall.
The orc wizard hits you with a dagger. The orc warrior closely misses you.
You bump into the rock wall.
You feel a strong urge to attack something.
You are no longer berserk.
You are exhausted.
You feel yourself slow down.
You hit the orc wizard. You freeze the orc wizard.
The orc wizard is moderately wounded.
The orc wizard completely misses you. The orc warrior hits you with a glaive!
* * * LOW HITPOINT WARNING * * *
The orc wizard casts a spell at you. The puff of flame hits you!
You feel less confused. The orc warrior hits you with a glaive.
You die...

### ..#
#####.#
#.....#
#.#####.....#
#.........o@#
.###....#o#
#<.......#
###....###.
#..........#
#.#)##.#####
#.......#
#[..##..#
#.... .<#


You could see an orc warrior and an orc wizard.

Vanquished Creatures
  Sigmund (D:2)
  An orc wizard (D:3)
  Terence (D:2)
  Natasha (thrice) (D:2)
  5 adders
  4 gnolls
  An ooze (D:1)
  A worm (D:2)
  2 dart slugs (D:1)
  2 leopard geckos (D:1)
  6 orcs
  9 bats
  4 giant cockroaches
  4 goblins
  5 hobgoblins
  5 jackals
  2 quokkas (D:3)
  3 ball pythons
  8 frilled lizards
  13 kobolds
  8 rats
88 creatures vanquished.

Notes
Turn   | Place    | Note
-------+----------+-------------------------------------------
     0 | D:1      | Juniper the Human Berserker began the quest for the Orb.
     0 | D:1      | Reached XP level 1. HP: 18/18 MP: 1/1
    70 | D:1      | Reached XP level 2. HP: 24/24 MP: 2/2
   293 | D:1      | Reached XP level 3. HP: 22/29 MP: 3/3
   397 | D:1      | Reached ** piety under Trog
   659 | D:2      | Noticed Terence
   666 | D:2      | Killed Terence
   666 | D:2      | Reached skill level 4 in Long Blades
   666 | D:2      | Reached XP level 4. HP: 35/35 MP: 4/4
  1140 | D:2      | Noticed Sigmund
  1154 | D:2      | Killed Sigmund
  1154 | D:2      | Reached skill level 5 in Long Blades
  1154 | D:2      | Reached XP level 5. HP: 42/42 MP: 5/5
  1154 | D:2      | Reached XP level 6. HP: 48/48 MP: 6/6
  1261 | D:2      | Found an opulent altar of Gozag.
  1285 | D:3      | Noticed Natasha
  1296 | D:2      | Killed Natasha
  1363 | D:2      | Noticed Natasha
  1378 | D:2      | Killed Natasha
  1558 | D:2      | Noticed Natasha
  1570 | D:2      | Killed Natasha
  1570 | D:2      | Reached skill level 1 in Short Blades
  1660 | D:2      | Reached *** piety under Trog
  1660 | D:2      | Reached XP level 7. HP: 45/54 MP: 7/7
  2689 | D:3      | Found a shimmering altar of Xom.
  2691 | D:3      | Found a burning altar of Makhleb.
  2691 | D:3      | Found a radiant altar of Vehumet.
  2693 | D:3      | Found a burning altar of Makhleb.
  2693 | D:3      | Found an opulent altar of Gozag.
  2693 | D:3      | Found an iron altar of Okawaru.
  3110 | D:4      | Slain by an orc warrior

Skill      XL: |  1  2  3  4  5  6  7 |
---------------+----------------------+-----
Long Blades    | 4 5 |  5.5
Fighting       | 4 |  4.3
Armour         | 3 |  3.3
Short Blades   | 1 |  1.8
Dodging        | 3 |  3.1
Maces & Flails | |  0.8

Action                   |  1- 3 |  4- 6 |  7- 9 || total
-------------------------+-------+-------+-------++-------
Melee: Falchion          |    82 |     6 |       ||    88
       Mace              |       |    19 |       ||    19
       Dagger            |       |    88 |    51 ||   139
       Short sword       |       |       |    61 ||    61
Invok: Berserk           |     2 |     3 |     1 ||     6
  Use: Scroll            |       |     3 |     3 ||     6
  Eat: Chunk             |       |     5 |       ||     5
       Fruit             |       |     1 |       ||     1
       Bread ration      |       |     1 |       ||     1
       Meat ration       |       |       |     1 ||     1
Armor: Animal skin       |     9 |       |       ||     9
       Scale mail        |       |    38 |    27 ||    65
Dodge: Dodged            |    54 |   113 |    91 ||   258
       Rpst.: Falchion   |    18 |     4 |       ||    22
